 Dungeon Crawl Stone Soup version 0.18.1-48-g4cf74bf (webtiles) character file.

691 dearth the Chopper (level 7, -2/61 HPs)
             Began as a Hill Orc Fighter on Aug 5, 2016.
             Was a Follower of Okawaru.
             Slain by a mummy (12 damage)
             ... in an ossuary.
             The game lasted 00:07:17 (2793 turns).

dearth the Chopper (Hill Orc Fighter)               Turns: 2793, Time: 00:07:18

Health: -2/61      AC:  7    Str: 21    XL:     7   Next: 63%
Magic:  9/9        EV:  7    Int:  8    God:    Okawaru [*.....]
Gold:   162        SH:  9    Dex: 10    Spells: 0 memorised, 6 levels left

rFire  . . .     SeeInvis .     a - +0 war axe
rCold  . . .     Gourm    .     b - +0 scale mail
rNeg   . . .     Faith    .     c - +0 shield
rPois  .         Spirit   .     (no helmet)
rElec  .         Dismiss  .     (no cloak)
rCorr  .         Reflect  .     (no gloves)
SustAt .         Harm     .     (no boots)
MR     .....                    (no amulet)
Stlth  ..........               (no ring)
                                (no ring)

@: not resistant to hostile enchantments, extremely unstealthy
A: no striking features
a: Heroism, Renounce Religion


You were in an ossuary.
You worshipped Okawaru.
Okawaru was aware of your devotion.
You were not hungry.

You visited 1 branch of the dungeon, and saw 4 of its levels.
You also visited: Ossuary.

You collected 162 gold pieces.

Inventory:

Hand Weapons
 a - a +0 war axe (weapon)
Armour
 b - a +0 scale mail (worn)
 c - a +0 shield (worn)
Scrolls
 e - 2 scrolls of remove curse
 g - 3 scrolls of identify
 k - a scroll of fear {unknown}
 l - a scroll of enchant armour {unknown}
 m - a scroll of noise {unknown}
 o - a scroll of teleportation {unknown}
Potions
 d - a potion of might
 h - a potion of cure mutation {unknown}
 j - a potion of curing
Comestibles
 f - 3 bread rations
 i - 2 meat rations


   Skills:
 + Level 5.2 Fighting
 * Level 7.1 Axes
 + Level 5.1 Armour
 + Level 4.7 Shields
 + Level 3.0 Invocations


You had 6 spell levels left.
You didn't know any spells.

Dungeon Overview and Level Annotations

Branches:
Dungeon (4/15)
 Temple: D:4-7

Altars:
Ashenzari
Elyvilon
Fedhas
Gozag
Okawaru
Pakellas
Ru
Xom


Message History

The killer bee zombie hits you but does no damage.
The killer bee zombie hits you.
* * * LOW HITPOINT WARNING * * *
The killer bee zombie hits you.
* * * LOW HITPOINT WARNING * * *
You hit the killer bee zombie.
You destroy the killer bee zombie!
Okawaru accepts your kill.
Your Invocations skill increases to level 3!
You slash the giant cockroach zombie!
The giant cockroach zombie bites you but does no damage.
You slash the giant cockroach zombie!
You destroy the giant cockroach zombie!
Okawaru accepts your kill.
You hit the mummy.
The mummy is lightly damaged.
You hit the mummy but do no damage.
The mummy is lightly damaged.
The mummy hits you!
You die...

'.# # #.+
#P+.# ≈#≈#
≈≈+
#≈#####
+.#..∩#
#.†M@.#
#≈.'≈#...#
#≈≈#≈#####
≈≈≈≈ +≈≈
### #.≈
≈.#. #≈≈≈
##≈≈≈


You could see a mummy.

Vanquished Creatures
  Sigmund (D:3)
  The ghost of ThereIsNoGod the Chopper, an amateur MiGl (D:3)
  3 bog bodies (Ossuary)
  2 giant frog zombies (Ossuary)
  An orc priest (D:3)
  Jessica (D:3)
  Terence (D:3)
  A killer bee zombie (Ossuary)
  A hound zombie (Ossuary)
  A mummy (D:4)
  5 adders
  An ooze (D:2)
  2 worms (D:2)
  A dart slug (D:2)
  3 giant geckos
  7 orcs
  A ball python (D:2)
  5 giant cockroaches
  9 goblins
  7 hobgoblins
  13 jackals
  A quokka (D:2)
  8 bats
  2 giant cockroach zombies (Ossuary)
  3 giant newts
  6 kobolds
  7 rats
94 creatures vanquished.

Vanquished Creatures (others)
  3 withered plants (Ossuary)
3 creatures vanquished.

Grand Total: 97 creatures vanquished

Notes
Turn   | Place    | Note
--------------------------------------------------------------
     0 | D:1      | dearth the Hill Orc Fighter began the quest for the Orb.
     0 | D:1      | Reached XP level 1. HP: 19/19 MP: 1/1
   163 | D:1      | Reached skill level 3 in Axes
   183 | D:1      | Reached XP level 2. HP: 23/27 MP: 2/2
   684 | D:2      | Found a faded altar to an unknown god.
   688 | D:2      | Reached XP level 3. HP: 32/33 MP: 3/3
   803 | D:2      | Reached skill level 4 in Axes
   803 | D:2      | Reached XP level 4. HP: 28/40 MP: 4/4
   951 | D:2      | Found a blossoming altar of Fedhas.
  1024 | D:2      | Found an opulent altar of Gozag.
  1132 | D:2      | Found a white marble altar of Elyvilon.
  1133 | D:2      | Found an iron altar of Okawaru.
  1135 | D:2      | Found an oddly glowing altar of Pakellas.
  1136 | D:2      | Found a shimmering altar of Xom.
  1148 | D:2      | Found a sacrificial altar of Ru.
  1149 | D:2      | Found a shattered altar of Ashenzari.
  1152 | D:2      | Became a worshipper of Warmaster Okawaru
  1312 | D:3      | Noticed Terence
  1321 | D:3      | Killed Terence
  1321 | D:3      | Reached XP level 5. HP: 37/46 MP: 5/5
  1353 | D:3      | Noticed Jessica
  1355 | D:3      | Noticed ThereIsNoGod's ghost (amateur MiGl)
  1365 | D:3      | Killed ThereIsNoGod's ghost
  1365 | D:3      | Reached skill level 5 in Axes
  1365 | D:3      | Reached skill level 1 in Invocations
  1374 | D:3      | HP: 1/47 [Jessica/club (2)]
  1375 | D:3      | Killed Jessica
  1375 | D:3      | Reached XP level 6. HP: 1/53 MP: 5/7
  1805 | D:3      | Noticed Sigmund
  1814 | D:3      | Killed Sigmund
  1814 | D:3      | Reached * piety under Okawaru
  1814 | D:3      | Reached skill level 6 in Axes
  2153 | D:3      | Reached XP level 7. HP: 60/60 MP: 8/8
  2161 | D:3      | Reached skill level 5 in Fighting
  2541 | D:4      | Found a sand-covered staircase.
  2595 | Ossuary  | Entered an ossuary
  2611 | Ossuary  | Reached skill level 5 in Armour
  2778 | Ossuary  | Reached skill level 7 in Axes
  2793 | Ossuary  | Slain by a mummy

Skill      XL: |  1  2  3  4  5  6  7 |
---------------+----------------------+-----
Axes           | 3 4 5 6 7 |  7.1
Fighting       | 4 5 |  5.2
Armour         | 4 5 |  5.1
Shields        | 4 |  4.7
Invocations    | 1 2 3 |  3.0

Action                   |  1- 3 |  4- 6 |  7- 9 || total
-------------------------+-------+-------+-------++-------
Melee: War axe           |   101 |   155 |    68 ||   324
  Use: Scroll            |       |     2 |       ||     2
       Potion            |       |     1 |       ||     1
  Eat: Chunk             |       |     5 |       ||     5
       Bread ration      |       |       |     1 ||     1
Armor: Scale mail        |    45 |   101 |    34 ||   180
Dodge: Dodged            |    35 |    78 |    13 ||   126
Block: Shield            |    70 |   112 |    32 ||   214
